 Dungeon Crawl Stone Soup version 0.31.0-9-g3a7656b989 (webtiles) character file.

Game seed: 7464582933241628996

97 Amaterasu the Ruffian (level 4, 0/34 HPs)
             Began as a Gnoll Shapeshifter on Jan 24, 2024.
             Slain by an orc
             ... wielding a +0 trident
              (5 damage)
             ... on level 3 of the Dungeon.
             The game lasted 00:03:06 (1975 turns).

Amaterasu the Ruffian (Gnoll Shapeshifter)          Turns: 1975, Time: 00:03:06

Health: 0/34       AC:  5    Str: 13    XL:     4   Next: 68%
Magic:  5/5        EV: 12    Int: 12    God:
Gold:   93         SH:  0    Dex: 17    Spells: 5/5 levels left

rFire   . . .        h - +1 whip (pain)
rCold   . . .        (no shield)
rNeg    . . .        m - +0 ring mail
rPois   .            (helmet currently unavailable)
rElec   .            (cloak currently unavailable)
rCorr   .            (gloves currently unavailable)
SInv    .            (boots currently unavailable)
Will    .....        i - amulet of magic regeneration
Stlth   +            k - +6 ring of dexterity
HPRegen 0.25/turn    (no ring)
MPRegen 0.49/turn

%: no passive effects
@: beast-form
A: beast (slay +3), fangs 1, strong nose, distributed training
a: Begin Untransformation


You were on level 3 of the Dungeon.
You were a hulking beast.
You visited 1 branch of the dungeon, and saw 3 of its levels.

You collected 93 gold pieces.

Inventory:

Hand Weapons
 h - a +1 whip of pain (weapon)
Armour
 a - a +0 animal skin
 m - a +0 ring mail (worn)
Jewellery
 g - an amulet of faith
 i - an amulet of magic regeneration (around neck)
 k - a +6 ring of dexterity (left hand)
Talismans
 c - a beast talisman (active)
 d - a flux talisman
 j - a serpent talisman
Scrolls
 l - a scroll of enchant armour {unknown}
Potions
 b - a potion of lignification
 e - a potion of berserk rage
 f - 2 potions of curing
 n - a potion of enlightenment {unknown}


   Skills:
 + Level 2.8 Fighting
 + Level 1.2 Short Blades
 + Level 1.2 Long Blades
 + Level 1.2 Axes
 + Level 1.2 Maces & Flails
 + Level 1.2 Polearms
 + Level 1.2 Staves
 + Level 1.2 Ranged Weapons
 + Level 1.2 Throwing
 + Level 1.2 Armour
 + Level 4.7 Dodging
 + Level 1.2 Stealth
 + Level 1.2 Shields
 + Level 6.6 Unarmed Combat
 + Level 1.2 Spellcasting
 + Level 1.0 Conjurations
 + Level 1.0 Hexes
 + Level 1.0 Summonings
 + Level 1.0 Necromancy
 + Level 1.0 Translocations
 + Level 1.0 Fire Magic
 + Level 1.0 Ice Magic
 + Level 1.0 Air Magic
 + Level 1.0 Earth Magic
 + Level 1.0 Alchemy
 + Level 1.4 Invocations
 + Level 1.2 Evocations
 + Level 6.6 Shapeshifting


You had 5 spell levels left.
You didn't know any spells.
Your spell library was empty.

Dungeon Overview and Level Annotations

Branches:
Dungeon (3/15)

Altars:
Vehumet


Innate Abilities, Weirdness & Mutations

You are a hulking beast.
Your limbs bulge with bestial killing power. (Slay +3)
You have very sharp teeth.
Your uncanny sense of smell can sniff out nearby items.
Your experience applies equally to all skills.


Message History

An orc comes into view. It is wielding a +0 trident.
The adder bites you.
You are poisoned.
The adder poisons you!
You closely miss the adder. Your punch misses the adder.
The adder is lightly wounded.
You feel sick. The adder closely misses you.
You whack the adder!
The adder is severely wounded.
You feel sick. The adder bites you. The adder barely misses you.
You whack the adder!
You kill the adder!
You feel sick.
The hobgoblin zaps a wand.
The puff of flame misses you.
You feel sick.
You are no longer poisoned.
The hobgoblin barely misses you. The orc barely misses you.
You closely miss the hobgoblin. The hobgoblin hits you.
The orc hits you from afar with a +0 trident.
An orc comes into view. It is wielding a +0 club.
The orc shouts! x2
You hit the hobgoblin.
The hobgoblin is moderately wounded.
The hobgoblin barely misses you. The orc closely misses you.
You completely miss the hobgoblin.
The hobgoblin is moderately wounded.
The hobgoblin zaps a wand.
The puff of flame hits you.
The orc hits you from afar with a +0 trident.
* * * LOW HITPOINT WARNING * * *
The orc shouts!
You hit the hobgoblin.
The hobgoblin writhes in agony.
The hobgoblin is almost dead.
The hobgoblin hits you.
* * * LOW HITPOINT WARNING * * *
The orc completely misses you.
You hit the hobgoblin.
You kill the hobgoblin!
The orc barely misses you. The orc attacks as it pursues you!
The orc hits you from afar with a +0 trident.
You die...

#..... ....#o
o.....
.#.######o....#
.....S..o#
.#.#####/# #o#
#.# #h# #.#
#.######
#......#
##...##.#
#.###)#.# #.#
#.#.# #.###.#.#
∆ ##...##.#


You could see 4 orcs.

Vanquished Creatures
  3 adders
  3 dart slugs
  A ribbon worm (D:3)
  8 endoplasms
  5 giant cockroaches
  5 hobgoblins
  3 quokkas (D:1)
  6 ball pythons
  5 bats
  2 frilled lizards
  9 goblins
  4 kobolds
  2 rats
56 creatures vanquished.

Notes
Turn   | Place    | Note
-------+----------+-------------------------------------------
     0 | D:1      | Amaterasu the Gnoll Shapeshifter began the quest for the
                  | Orb.
     0 | D:1      | Reached XP level 1. HP: 17/17 MP: 1/1
   192 | D:1      | Reached XP level 2. HP: 18/23 MP: 2/2
   506 | D:1      | Reached XP level 3. HP: 20/28 MP: 3/3
   942 | D:1      | Reached skill level 1 in Invocations
  1189 | D:2      | Reached skill level 1 in Short Blades
  1189 | D:2      | Reached skill level 1 in Long Blades
  1189 | D:2      | Reached skill level 1 in Axes
  1189 | D:2      | Reached skill level 1 in Maces & Flails
  1189 | D:2      | Reached skill level 1 in Polearms
  1189 | D:2      | Reached skill level 1 in Staves
  1189 | D:2      | Reached skill level 1 in Ranged Weapons
  1189 | D:2      | Reached skill level 1 in Throwing
  1189 | D:2      | Reached skill level 1 in Armour
  1189 | D:2      | Reached skill level 1 in Stealth
  1189 | D:2      | Reached skill level 1 in Shields
  1189 | D:2      | Reached skill level 1 in Spellcasting
  1189 | D:2      | Reached skill level 1 in Evocations
  1321 | D:2      | Reached XP level 4. HP: 27/34 MP: 5/5
  1693 | D:2      | Reached skill level 1 in Conjurations
  1693 | D:2      | Reached skill level 1 in Hexes
  1693 | D:2      | Reached skill level 1 in Summonings
  1693 | D:2      | Reached skill level 1 in Necromancy
  1693 | D:2      | Reached skill level 1 in Translocations
  1693 | D:2      | Reached skill level 1 in Fire Magic
  1693 | D:2      | Reached skill level 1 in Ice Magic
  1693 | D:2      | Reached skill level 1 in Air Magic
  1693 | D:2      | Reached skill level 1 in Earth Magic
  1693 | D:2      | Reached skill level 1 in Alchemy
  1718 | D:2      | Found a faded altar of an unknown god.
  1957 | D:3      | Found a radiant altar of Vehumet.
  1975 | D:3      | Slain by an orc

Illustrated notes

Levels and vault maps discovered:
D:1:      minmay_arrival_open_corners, layout_basic,
          minmay_misc_feat_secret_circle
D:2:      minmay_chambers_of_ones, layout_loops_ring, basic_ecumenical_altar
D:3:      gammafunk_steamed_eel, layout_loops_cross, vehumet_altar_wand_db

Skill      XL: |  1  2  3  4 |
---------------+-------------+-----
Invocations    | 1 |  1.4
Short Blades   | 1 |  1.2
Long Blades    | 1 |  1.2
Axes           | 1 |  1.2
Maces & Flails | 1 |  1.2
Polearms       | 1 |  1.2
Staves         | 1 |  1.2
Ranged Weapons | 1 |  1.2
Throwing       | 1 |  1.2
Armour         | 1 |  1.2
Stealth        | 1 |  1.2
Shields        | 1 |  1.2
Spellcasting   | 1 |  1.2
Evocations     | 1 |  1.2
Conjurations   | 1 |  1.0
Hexes          | 1 |  1.0
Summonings     | 1 |  1.0
Necromancy     | 1 |  1.0
Translocations | 1 |  1.0
Fire Magic     | 1 |  1.0
Ice Magic      | 1 |  1.0
Air Magic      | 1 |  1.0
Earth Magic    | 1 |  1.0
Alchemy        | 1 |  1.0
Fighting       | |  2.8
Dodging        | |  4.7
Unarmed Combat | |  6.6
Shapeshifting  | |  6.6

Action                     |  1- 3 |  4- 6 || total
---------------------------+-------+-------++-------
  Melee: Unarmed           |    21 |       ||    21
         Whip              |    55 |    43 ||    98
         Bite              |     5 |     2 ||     7
         Punch             |     1 |     1 ||     2
    Use: Scroll            |     2 |     2 ||     4
   Stab: Sleeping          |     3 |     2 ||     5
 Armour: Animal skin       |    34 |     7 ||    41
         Ring mail         |       |    14 ||    14
  Dodge: Dodged            |    45 |    30 ||    75
   Form: Beast             |     1 |       ||     1
